[Event "*** Titled Tuesday 3|2 Blitz (Late)"]
[Site "Chess.com"]
[Date "2017.01.03"]
[Round "6"]
[White "Genghis_K"]
[Black "Cruel_Yaro"]
[Result "1-0"]
[WhiteElo "2733"]
[BlackElo "2601"]
[TimeControl "180+2"]
[EndTime "18:11:46 PST"]
[Termination "Genghis_K won by resignation"]

1. e4 c5 2. Nf3 d6 3. d4 cxd4 4.
Nxd4 Nf6 5. Nc3 a6 6. Be3 e5 7.
Nf3 Qc7 8. a4 Be6 9. Ng5 Bd7 10.
Be2 Be7 11. O-O O-O 12. a5 h6 13. Nf3 Be6 14. Nd5 Nxd5 15. exd5 Bg4 16. Nd2 Bxe2 17. Qxe2 Nd7 18. c4 f5 19. f4 Rae8 20. fxe5 dxe5 21.
Rfd1 e4 22. Nb3 f4 23. Bd4 Bg5 24. c5 f3 25. Qc4 Qf4 26. Rf1 Ne5 27. Bxe5 Qxe5 28.
d6+ Kh8 29. gxf3 exf3 30. Rad1 Qe3+ 31. Kh1 Qe2 32. Qg4 Re4 33. Qg3 Bf4 34. Qh3 f2 35. d7 Bc7 36. Nd4 Qc4 37. Nf5 Rf4 38. Nd6 Qxc5 39.
Ne8 Bd8 40. Qg2 R4f7 41. Rd2 Qxa5 42. Rdxf2 Qa2 43. Qg6 Qd5+ 44. Kg1 Kg8 45. Nxg7 Qg5+ 46. Qxg5 Bxg5 47. Ne6 Be3 48. Nxf8 Kxf8 49. d8=Q+ 1-0

[Event "*** Titled Tuesday 3|2 Blitz (Late)"]
[Site "Chess.com"]
[Date "2017.01.03"]
[Round "6"]
[White "rithwik2002"]
[Black "TrickyTrapChess"]
[Result "1/2-1/2"]
[WhiteElo "1752"]
[BlackElo "2156"]
[TimeControl "180+2"]
[EndTime "18:12:01 PST"]
[Termination "Game drawn by agreement"]

1. e4 e6 2. d4 d5 3. Nc3 Nf6 4. e5 Nfd7 5. Nce2 c5 6. c3 Nc6 7. f4 Qb6 8. Nf3 f6 9. a3 Be7 10. h4 O-O 11. h5 cxd4 12. cxd4 Na5 13. b4 Nc4 14. h6 g6 15. Nc3 fxe5 16. Bxc4 dxc4 17. fxe5 a6 18. Be3 Qc7 19. Qd2 b5 20. O-O Bb7 21. Ng5 Bxg5 22. Bxg5 Rxf1+ 23. Rxf1 Rf8 24.
Rxf8+ Nxf8 25. Bh4 Qf7 26. Qg5 Qf5 27. Qe7 Qf7 28. Qc5 Qf4 29. Qe7 Qxh6 30. Bf6 Qe3+ 31. Kh2 Qf4+ 32. Kh3 Qh6+ 33. Kg3 Qe3+ 34. Kh2 Qh6+ 35.
Kg1 Qc1+ 36. Kh2 Qf4+ 37. Kh3 Qh6+ 38. Kg3 Bc6 39. Ne2 Bd5 40. Nf4 g5 41. Bxg5 Qg7 42.
Qxg7+ Kxg7 43. Bf6+ Kf7 44. Kf2 Ng6 45. Ne2 h6 46. g3 Nf8 47. Nc3 Nh7 48. Bd8 Bc6 49. Ke3 Kg6 50. Ne2 Kg7 51. g4 Kg6 52. Nf4+ Kf7 53. Bh4 Nf8 54. g5 hxg5 55. Bxg5 Ng6 56. Nxg6 Kxg6 57. Be7 Kf5 58. Bf6 Bd5 59. Kd2 Kg4 60.
Kc3 Kf3 61. Bg5 Ke4 62. Bc1 Kf3 63. Bh6 Ke2 64. Bc1 Kd1 65. Bh6 Ke1 66. Bg5 Ke2 67. Bc1 Bc6 68. Bg5 Bb7 69. Bh6 Bc8 70. Bg5 Bb7 71. Bh6 Bd5 72. Bg5 Kd1 73. Bh6 1/2-1/2

[Event "*** Titled Tuesday 3|2 Blitz (Late)"]
[Site "Chess.com"]
[Date "2017.01.03"]
[Round "6"]
[White "Tonychess32"]
[Black "Kacparov"]
[Result "0-1"]
[WhiteElo "2412"]
[BlackElo "2584"]
[TimeControl "180+2"]
[EndTime "18:12:06 PST"]
[Termination "Kacparov won by resignation"]

1. e4 d6 2. Nf3 Nf6 3. Nc3 Nc6 4. d4 g6 5. d5 Nb8 6. Be2 Bg7 7. O-O O-O 8. h3 c6 9. Bg5 h6 10. Bh4 a5 11. a4 Na6 12. dxc6 bxc6 13. e5 dxe5 14. Nxe5 Nb4 15. Bc4 e6 16. Qe2 Qb6 17. Ne4 Nxe4 18.
Qxe4 Nd5 19. Bb3 Ra7 20. Rfe1 g5 21. Bg3 f5 22. Qd3 Ba6 23. Bc4 f4 24. Bh2 Bxe5 25. Rxe5 Bxc4 26. Qxc4 Qxb2 27. Rae1 Qc3 28. Qe4 Rf6 29.
Rb1 Kg7 30. h4 Rg6 31. Kh1 Re7 32. f3 Qd2 33. Bg1 Nc3 34. Qe1 Nxb1 35. Qxb1 gxh4 36.
Qf1 Kh7 37. Re2 Qd5 38. c4 Qxc4 39. Qd1 Reg7 40. Kh2 h3 41. Kxh3 Qd5 42. Qxd5 exd5 43. Kh2 Rg5 44. Bd4 Rf7 45. Rc2 Rg6 46. Bb6 c5 47. Bxa5 Rc6 48. Bb4 Rfc7 49. Bd2 Ra7 50. a5 Kg6 51. Rb2 Kf5 52. Rb8 d4 53. Rf8+ Ke6 54.
Bxf4 Rxa5 55. Rh8 Kd5 56. g4 c4 57. Rd8+ Kc5 58. Kg3 Re6 59. Rc8+ Kb4 60. Rd8 Kc3 61. Rc8 d3 62. Rb8 Rd5 63. Rb1 d2 64. Rd1 Kc2 65. Ra1 d1=Q 66. Ra2+ Kb3 0-1

[Event "*** Titled Tuesday 3|2 Blitz (Late)"]
[Site "Chess.com"]
[Date "2017.01.03"]
[Round "6"]
[White "Kawhi_Leonard2"]
[Black "norwaytoadog"]
[Result "0-1"]
[WhiteElo "2196"]
[BlackElo "1969"]
[TimeControl "180+2"]
[EndTime "18:12:46 PST"]
[Termination "norwaytoadog won on time"]

1. e4 e5 2. Nf3 Nc6 3. Bb5 a6 4.
Bxc6 dxc6 5. O-O Ne7 6. Nxe5 Qd4 7. Nf3 Qxe4 8. Nc3 Qg4 9. Re1 Be6 10. d3 O-O-O 11. Ng5 Qxd1 12. Nxd1 Bd5 13. Nc3 f6 14. Nxd5 Rxd5 15. Ne6 Nf5 16. Nxf8 Rxf8 17. Bd2 Kd7 18.
Bc3 c5 19. Re4 Nd6 20. Rh4 h5 21. b3 Re8 22. Re1 Rxe1+ 23. Bxe1 Re5 24. Kf1 Nf5 25.
Re4 Rd5 26. Ke2 Nd4+ 27. Kd1 g5 28. h3 f5 29. Re3 f4 30. Re4 Ne6 31. Bc3 b5 32.
Ke2 b4 33. Bf6 Rf5 34. Bb2 f3+ 35. gxf3 Nf4+ 36. Kf1 Nxh3 37. Kg2 Nf4+ 38. Kg3 Kd6 39. Bc1 Nd5 40. Bd2 a5 41. Re8 Nf6 42. Ra8 h4+ 43.
Kg2 g4 44. fxg4 Nxg4 45. f3 Ne5 46. Rxa5 Nxf3 47. Be3 Ne1+ 48. Kg1 Nxc2 49. Bf2 h3 50. Ra6+ Kd5 51. Rh6 Rf3 52. Rh5+ Ke6 53. Rxc5 h2+ 54.
Kxh2 Rxf2+ 55. Kg3 Rd2 56. Rxc7 Rxd3+ 57. Kf2 Rc3 58.
Rxc3 bxc3 59. Ke2 Nd4+ 60. Kd1 Kd5 61. a4 Kc5 0-1

[Event "*** Titled Tuesday 3|2 Blitz (Late)"]
[Site "Chess.com"]
[Date "2017.01.03"]
[Round "6"]
[White "nonscitis"]
[Black "andresgv36"]
[Result "1-0"]
[WhiteElo "2335"]
[BlackElo "2276"]
[TimeControl "180+2"]
[EndTime "18:13:17 PST"]
[Termination "nonscitis won on time"]

1. e4 c5 2. Nf3 Nc6 3. Bb5 g6 4. O-O Bg7 5. Nc3 e5 6. Nd5 Nge7 7. d3 O-O 8. Bg5 f6 9. Bh4 Kh8 10. c4 d6 11. Rb1 Bg4 12. h3 Bxf3 13. Qxf3 Nd4 14. Qd1 Nxb5 15. cxb5 Nxd5 16. exd5 Qd7 17.
a4 g5 18. Bg3 f5 19. f3 f4 20. Bf2 Qf7 21. Qb3 h5 22. Qc4 Bh6 23. g4 fxg3 24. Bxg3 Rg8 25. Kg2 Qg6 26. Qe4 Rg7 27. b4 cxb4 28.
Rxb4 Rc8 29. Qxg6 Rxg6 30. Rc4 Rxc4 31. dxc4 Rg7 32. Bf2 Rc7 33. Rc1 b6 34. Rc2 Kg7 35. Kf1 Kf6 36. Ke2 Kf5 37. Be3 Bf8 38. Kd3 Kg6 39.
a5 bxa5 40. Ra2 Rf7 41. Ke4 Rc7 42. Kd3 Rf7 43. Rxa5 Rxf3 44. Rxa7 g4 45. Ke4 Rf1 46.
hxg4 hxg4 47. Ra2 Re1 48. Rg2 Kh5 49. Rh2+ Kg6 50. b6 Rb1 51. Kd3 Kf5 52. Rf2+ Kg6 53.
Rxf8 Kg7 54. Rf2 Kg6 55. Ke4 Kh5 56. Rh2+ Kg6 57. Rh6+ Kg7 58. Rh5 Rb4 59. Rg5+ Kf6 60. Rf5+ Kg6 61. Rg5+ Kf6 62. Rxg4 Rxc4+ 63. Kf3 Rc3 64. Rb4 Rc8 65. b7 Rb8 66. Ba7 1-0

[Event "*** Titled Tuesday 3|2 Blitz (Late)"]
[Site "Chess.com"]
[Date "2017.01.03"]
[Round "6"]
[White "Goala"]
[Black "PelinGorki"]
[Result "0-1"]
[WhiteElo "2167"]
[BlackElo "2413"]
[TimeControl "180+2"]
[EndTime "18:13:18 PST"]
[Termination "PelinGorki won by resignation"]

1. d4 Nf6 2. c4 e5 3. dxe5 Ng4 4.
Bf4 g5 5. Bg3 Bg7 6. Nf3 Nc6 7.
Nc3 Ngxe5 8. Nxe5 Nxe5 9. e3 O-O 10. h4 g4 11. h5 d6 12. Be2 f5 13. Nd5 Be6 14. Bh4 Qd7 15. Rc1 c6 16. Nf4 Bf7 17. b3 Rfe8 18. Kf1 Bh6 19. Bg3 d5 20. cxd5 cxd5 21. Qd4 Bg7 22. h6 Bh8 23. Rd1 Nc6 24. Qd2 d4 25. Bb5 a6 26. Bxc6 Qxc6 27.
exd4 Rad8 28. d5 Qb5+ 29. Kg1 Be5 30. Kh2 Qb6 31. Kg1 Qd6 32. Qc1 Rc8 33. Qd2 Red8 34. Ne6 Rd7 35. Qg5+ Bg6 36. Bxe5 Qxe5 37. Nf4 Kf7 38.
Nxg6 hxg6 39. h7 Rh8 40. Rh6 Qf6 41. Qf4 Qd6 42. Qd2 Kg7 43. Qd4+ Kxh6 44. Qxh8 Rxh7 45. Qd4 Re7 46. g3 Kh7 47. Kg2 Kg8 48. Rh1 Re5 49.
Rd1 Re4 50. Qc3 Kf7 51. Qc8 Re7 52. Qc4 b5 53. Qd4 Re2 54. Rh1 Re5 55. Rd1 b4 56. Qa7+ Kf6 57. Qd4 g5 58. Qc4 Re4 59. Qc8 Re7 60.
Qc4 f4 61. Qd4+ Kf7 62. gxf4 gxf4 63. Rh1 f3+ 64. Kf1 Qe5 65. Rh7+ Kg6 66. Qd3+ Qe4 67. Qxe4+ Rxe4 68. Rc7 Rd4 69. Kg1 Rxd5 70. Rc6+ Kg5 71. Rxa6 Rd1+ 72. Kh2 Rf1 73. Ra5+ Kf4 74. Rb5 Rxf2+ 75.
Kg1 Rxa2 76. Rxb4+ Kg3 0-1

[Event "*** Titled Tuesday 3|2 Blitz (Late)"]
[Site "Chess.com"]
[Date "2017.01.03"]
[Round "6"]
[White "iturrizaga"]
[Black "Hikaru"]
[Result "1/2-1/2"]
[WhiteElo "2699"]
[BlackElo "2849"]
[TimeControl "180+2"]
[EndTime "18:13:48 PST"]
[Termination "Game drawn - insufficient material"]

1. Nf3 d5 2. c4 c6 3. e3 Nf6 4. Nc3 Qb6 5. h3 Bf5 6. g4 Be4 7. g5 Nfd7 8. d4 Bxf3 9. Qxf3 e6 10. h4 Bb4 11. Bd2 Qa5 12. Bd3 Nb6 13. cxd5 Nxd5 14.
Rc1 Nxc3 15. bxc3 Be7 16. Ke2 Nd7 17. Rb1 Qc7 18. Qg3 Bd6 19. f4 f5 20. gxf6 Nxf6 21. e4 g6 22. e5 Nh5 23. Qg4 Be7 24. f5 exf5 25. Bxf5 Kd8 26. Be4 Qc8 27. Qxc8+ Rxc8 28. Kd3 Kc7 29. Bf3 Rcf8 30. Bxh5 gxh5 31. Bg5 Bxg5 32. hxg5 Rf3+ 33. Kc4 b5+ 34. Kb3 a5 35. Rxh5 Rg3 36.
a3 Kb6 37. Rh6 Rd8 38. Rf1 Rxd4 39. Rxh7 Rdd3 40. Rc1 Rxg5 41. e6 Re5 42. a4 b4 43.
e7 Ree3 44. Kc4 Rxc3+ 45. Rxc3 bxc3 46. Kb3 Kc5 47. Rh5+ Kd4 48. Rh4+ Kd5 49. Rh5+ Kd4 50. Rh4+ Kc5 51. Rh5+ Kb6 52. Rh7 c5 53. Rh6+ Kc7 54.
e8=Q Rxe8 55. Kxc3 Re4 56. Kb3 Rb4+ 57. Ka3 Rb6 58.
Rh7+ Kc6 59. Ra7 Kd5 60. Rxa5 Kc4 61. Rb5 Rh6 62. Rb1 Kd3 63. a5 c4 64. Ka4 c3 65. Kb5 Rh8 66. Rc1 Rb8+ 67. Kc6 c2 68.
a6 Rb1 69. Rxc2 Kxc2 70. a7 Ra1 71. Kb7 Rb1+ 72. Kc8 Ra1 73. Kb8 Rb1+ 74. Kc8 Ra1 75. Kb8 Kd2 76. a8=Q Rxa8+ 77. Kxa8 1/2-1/2

[Event "*** Titled Tuesday 3|2 Blitz (Late)"]
[Site "Chess.com"]
[Date "2017.01.03"]
[Round "6"]
[White "dretch"]
[Black "MaestroASK"]
[Result "0-1"]
[WhiteElo "2567"]
[BlackElo "2488"]
[TimeControl "180+2"]
[EndTime "18:15:33 PST"]
[Termination "MaestroASK won on time"]

1. d4 d6 2. Nf3 g6 3. c4 Bg7 4. e4 e5 5. Nc3 c6 6. Be2 Nd7 7. O-O f6 8. b3 Nh6 9. Ba3 Nf7 10. Qd3 Qa5 11. Bb2 O-O 12. Rad1 Re8 13. a3 Qc7 14. b4 Bf8 15. d5 c5 16. Nb5 Qb6 17. Qb3 Be7 18. Nc3 Qc7 19. Ne1 b6 20. Nd3 Ba6 21. b5 Bc8 22. g3 a6 23. f4 axb5 24. Nxb5 Qd8 25. f5 Kg7 26. g4 Rh8 27. Kh1 Nf8 28. Rg1 Ba6 29. Nc3 g5 30. Nf2 Nd7 31. Rb1 Qc7 32. Nfd1 Bd8 33. Ne3 Kf8 34. Bc1 Ke7 35. Bd2 Qa7 36. a4 h6 37. Rb2 Qc7 38.
Rgb1 Qc8 39. Kg2 Bc7 40. Rh1 Qg8 41. Ra2 Qg7 42. Nf1 Rab8 43. Ng3 Ra8 44. Nh5 Qf8 45. Rb1 Rg8 46. Bd3 Qd8 47. Rba1 Ra7 48. Nd1 Ra8 49. Ne3 Ra7 50. Nc2 Bc8 51. Na3 Ba6 52. Rh1 Qa8 53. Nb1 Qc8 54. Nc3 Qa8 55. h4 gxh4 56.
Rxh4 Qd8 57. Ng3 Qf8 58. Ra1 Ng5 59. Rah1 Rh8 60. Nge2 Qg7 61. Ng3 Qg8 62. Nd1 Qg7 63. Ne3 Kd8 64. Bc2 Qf8 65. Nd1 Qg7 66. Nc3 Qf8 67.
Nce2 Qg7 68. Ng1 Qf8 69. Nf3 Qg7 70. Nh5 Qf8 71. Kf2 Kc8 72. Ng3 Bd8 73. Nxg5 fxg5 74. R4h3 Nf6 75. Bd1 Qg7 76. Qc2 Kb8 77. Nf1 Ka8 78. Ne3 Bc8 79. Kf3 Bd7 80. Qa2 h5 81. R3h2 hxg4+ 82. Kg2 Rxh2+ 83. Rxh2 Nxe4 84. Bxg4 Rxa4 85.
Qc2 Nf6 86. Bd1 Ra7 87. Qb1 g4 88. Rh1 e4 89. Qb2 Kb7 90. Nf1 Bxf5 91. Ng3 Bd7 92.
Bc3 Qg6 93. Rh8 Be7 94. Bc2 Qg5 95. Qb1 Qe3 96. Qb2 Qf3+ 97. Kh2 Qf2+ 98. Kh1 Qxg3 0-1

[Event "*** Titled Tuesday 3|2 Blitz (Late)"]
[Site "Chess.com"]
[Date "2017.01.03"]
[Round "7"]
[White "Elshan1985"]
[Black "Caminator2000"]
[Result "1-0"]
[WhiteElo "2604"]
[BlackElo "2233"]
[TimeControl "180+2"]
[EndTime "18:19:11 PST"]
[Termination "Elshan1985 won by resignation"]

1. d4 Nf6 2. Nf3 e6 3. c4 c5 4.
g3 cxd4 5. Nxd4 Nc6 6. Bg2 Bc5 7. Nb3 Be7 8. Nc3 O-O 9. O-O d6 10. Bf4 a6 11. Rc1 h6 12. Qd2 e5 13. Be3 Ng4 14. Nd5 Nxe3 15. Qxe3 Bg5 16. f4 exf4 17. gxf4 Re8 18. Qb6 Rxe2 19. fxg5 Qxg5 20. Rf2 Bg4 21. Rxe2 Bxe2 22. Qe3 1-0

[Event "*** Titled Tuesday 3|2 Blitz (Late)"]
[Site "Chess.com"]
[Date "2017.01.03"]
[Round "7"]
[White "DuleMudule"]
[Black "Izoria123"]
[Result "1-0"]
[WhiteElo "2524"]
[BlackElo "2433"]
[TimeControl "180+2"]
[EndTime "18:19:38 PST"]
[Termination "DuleMudule won by resignation"]

1. d4 d6 2. Nf3 g6 3. c4 Bg7 4.
Nc3 Bg4 5. e3 c5 6. Be2 cxd4 7.
Nxd4 Bxe2 8. Qxe2 Nc6 9. Nxc6 bxc6 10. Qc2 Nf6 11. O-O O-O 12. b3 d5 13. Rd1 Qc7 14. h3 Rab8 15. Ba3 dxc4 16. bxc4 Qe5 17. Rac1 Rb7 18. Qa4 Rfb8 19. Qxc6 h5 20. Nd5 Ne4 21. f4 Qe6 22. Qxe6 fxe6 23. Nxe7+ Kf7 24. Nc6 Rc8 25. Nd8+ 1-0

[Event "*** Titled Tuesday 3|2 Blitz (Late)"]
[Site "Chess.com"]
[Date "2017.01.03"]
[Round "7"]
[White "MateusViageiro"]
[Black "Iball95"]
[Result "1-0"]
[WhiteElo "2328"]
[BlackElo "2424"]
[TimeControl "180+2"]
[EndTime "18:20:04 PST"]
[Termination "MateusViageiro won by resignation"]

1. d4 Nf6 2. Nf3 e6 3. g3 c5 4. c3 d5 5. Bg2 Nc6 6. O-O Be7 7. dxc5 Bxc5 8. b4 Bb6 9. b5 Ne7 10. a4 a5 11. Nbd2 O-O 12. e3 Ng6 13. c4 e5 14.
Ba3 Re8 15. c5 Bc7 16. b6 Bb8 17. Nb3 Bd7 18. Qe1 Bxa4 19. Nxa5 Qd7 20. Qb4 h5 21. Rfc1 Bc6 22. Bb2 Ne4 23. Bf1 h4 24. Nxc6 Rxa1 25. Nxb8 Rxc1 26. Nxd7 Rb1 27. c6 bxc6 28. b7 c5 29.
b8=Q 1-0

[Event "*** Titled Tuesday 3|2 Blitz (Late)"]
[Site "Chess.com"]
[Date "2017.01.03"]
[Round "7"]
[White "Andrejkin"]
[Black "flubs"]
[Result "1-0"]
[WhiteElo "2208"]
[BlackElo "2224"]
[TimeControl "180+2"]
[EndTime "18:20:42 PST"]
[Termination "Andrejkin won by resignation"]

1. d4 d5 2. c4 Nc6 3. Nf3 Bg4 4.
Nc3 e6 5. cxd5 exd5 6. Bf4 Nf6 7. e3 a6 8. a3 Bd6 9. Bg5 Be7 10. h3 Bh5 11. Bxf6 Bxf6 12. g4 Bg6 13. h4 O-O 14. h5 Be4 15. Nxe4 dxe4 16. Nd2 Re8 17. Bg2 Qd5 18.
Qc2 Bxd4 19. Bxe4 Rxe4 20. Qxe4 Qxe4 21. Nxe4 Bxb2 22. Ra2 Be5 23. f4 Bf6 24. Nxf6+ gxf6 25. Ke2 Re8 26. Rd2 Re7 27. Rb1 Na5 28. Rd8+ Kg7 29. h6+ Kxh6 30. Rg8 1-0

[Event "*** Titled Tuesday 3|2 Blitz (Late)"]
[Site "Chess.com"]
[Date "2017.01.03"]
[Round "7"]
[White "sandromareco"]
[Black "FLchessplayer"]
[Result "1-0"]
[WhiteElo "2445"]
[BlackElo "2105"]
[TimeControl "180+2"]
[EndTime "18:21:01 PST"]
[Termination "sandromareco won by resignation"]

1. Nf3 d6 2. d4 g6 3. c4 Bg7 4. g3 c6 5. Bg2 Nd7 6. O-O Ngf6 7. Nc3 e5 8. e4 Qc7 9. h3 a6 10. Be3 h6 11. Rc1 O-O 12. Qd2 Kh7 13. Rfd1 Rd8 14. a3 exd4 15. Nxd4 Ne5 16. Qe2 c5 17. Nc2 Be6 18. b3 Rab8 19. f4 Nc6 20. Nd5 Bxd5 21. cxd5 Ne7 22. b4 b6 23. Nd4 Qd7 24. Nb3 Rbc8 25. Qxa6 Ra8 26. Qc4 Rxa3 27. bxc5 bxc5 28. Rb1 Ra4 29. Qc2 Rda8 30. e5 Ne8 31. exd6 Qxd6 32. Bxc5 Qd7 33. d6 Nc6 34. Bb6 Rc8 35. Nc5 1-0

[Event "*** Titled Tuesday 3|2 Blitz (Late)"]
[Site "Chess.com"]
[Date "2017.01.03"]
[Round "7"]
[White "Rating-Schmating"]
[Black "eltenedor"]
[Result "0-1"]
[WhiteElo "2246"]
[BlackElo "2025"]
[TimeControl "180+2"]
[EndTime "18:21:04 PST"]
[Termination "eltenedor won by checkmate"]

1. e4 d5 2. exd5 Nf6 3. Nc3 Nxd5 4. g3 Bf5 5. Bg2 c6 6. Nxd5 cxd5 7. d3 e6 8. Ne2 Be7 9. O-O O-O 10. Be3 Nc6 11.
Nd4 Nxd4 12. Bxd4 b6 13. Re1 Rc8 14. Qe2 Bf6 15. Bxf6 Qxf6 16. c3 b5 17. d4 Rc4 18.
Rec1 Rfc8 19. Qe3 b4 20. cxb4 h6 21. Bf1 Rxc1 22. Rxc1 Rxc1 23. Qxc1 Qxd4 24. Qc8+ Kh7 25. Qc3 Qd1 26. f3 d4 27. Qc4 d3 28. Kf2 d2 29. Qe2 Qc1 30. g4 Bg6 31. h4 d1=Q 32.
h5 Qxe2+ 33. Bxe2 Bc2 34. a4 Qd2 35. b5 Bd3 36. a5 Qxe2+ 37. Kg3 Bxb5 38. Kh3 Qxf3+ 39.
Kh4 Be2 40. g5 Qg4# 0-1

[Event "*** Titled Tuesday 3|2 Blitz (Late)"]
[Site "Chess.com"]
[Date "2017.01.03"]
[Round "7"]
[White "DiamondCrusher22"]
[Black "calemcc"]
[Result "0-1"]
[WhiteElo "1866"]
[BlackElo "2223"]
[TimeControl "180+2"]
[EndTime "18:21:18 PST"]
[Termination "calemcc won by resignation"]

1. e4 e6 2. d4 d5 3. Nd2 Nc6 4.
Ngf3 Nf6 5. e5 Nd7 6. c3 f6 7.
exf6 Qxf6 8. Bd3 Bd6 9. Qe2 O-O 10. O-O e5 11. dxe5 Ndxe5 12. Nxe5 Nxe5 13. Bc2 Bg4 14. f3 Bf5 15. Bb3 c6 16. Ne4 Bxe4 17. Qxe4 Rae8 18.
Rd1 Bc5+ 19. Kh1 Kh8 20. Qc2 Nxf3 0-1

[Event "*** Titled Tuesday 3|2 Blitz (Late)"]
[Site "Chess.com"]
[Date "2017.01.03"]
[Round "7"]
[White "Kacparov"]
[Black "Divertissement"]
[Result "1-0"]
[WhiteElo "2591"]
[BlackElo "2443"]
[TimeControl "180+2"]
[EndTime "18:21:28 PST"]
[Termination "Kacparov won by checkmate"]

1. e4 c6 2. d4 d5 3. Nc3 dxe4 4. Nxe4 Bf5 5. Ng3 Bg6 6. Nh3 e6 7. Nf4 Bd6 8. c3 Qc7 9. Nxg6 hxg6 10. Ne4 Be7 11. g3 Nf6 12. Bf4 Qd8 13. Bg2 Nxe4 14. Bxe4 Nd7 15. O-O Qb6 16. Qc2 Nf6 17. Bg2 Qb5 18.
a4 Qh5 19. h3 g5 20. Bd2 g4 21. h4 Nd5 22. Qb3 O-O-O 23. c4 Nc7 24. d5 exd5 25. cxd5 Nxd5 26. Rfe1 Bf6 27. Rac1 Rd6 28. Rc5 Rhd8 29. Bf4 R6d7 30. Rxc6+ bxc6 31. Qb8# 1-0

[Event "*** Titled Tuesday 3|2 Blitz (Late)"]
[Site "Chess.com"]
[Date "2017.01.03"]
[Round "7"]
[White "Kanthecarowin"]
[Black "Tonychess32"]
[Result "0-1"]
[WhiteElo "2260"]
[BlackElo "2422"]
[TimeControl "180+2"]
[EndTime "18:21:39 PST"]
[Termination "Tonychess32 won by resignation"]

1. d4 Nf6 2. c4 e6 3. Nc3 b6 4. Qc2 Bb7 5. e4 d6 6. Bd3 e5 7. Nge2 Nc6 8. d5 Nb8 9. O-O Be7 10. f4 Nbd7 11. Bd2 O-O 12. Ng3 exf4 13. Bxf4 Ng4 14.
Nf5 Bg5 15. Qe2 Nge5 16. Bc2 Bxf4 17. Rxf4 Qg5 18. Raf1 g6 19. h4 Qd8 20. Nd4 h5 21. b3 a5 22. Qf2 Ng4 23. Qg3 Qe7 24.
Bd1 Nde5 25. Bf3 Nxf3+ 26. gxf3 Ne5 27. Nf5 Qd8 28. Kh2 Bc8 29. Rg1 Bd7 30. Ne2 Kh7 31. Ne3 Nd3 32. Nd4 Qe7 33. Nef5 Qe5 34. Ne2 gxf5 0-1

[Event "*** Titled Tuesday 3|2 Blitz (Late)"]
[Site "Chess.com"]
[Date "2017.01.03"]
[Round "7"]
[White "andresgv36"]
[Black "Ez_Chess2016"]
[Result "1-0"]
[WhiteElo "2283"]
[BlackElo "1975"]
[TimeControl "180+2"]
[EndTime "18:21:45 PST"]
[Termination "andresgv36 won by resignation"]

1. Nf3 Nf6 2. c4 g6 3. Nc3 Bg7 4. e4 O-O 5. d4 d6 6. Be2 c5 7. d5 e6 8. O-O exd5 9. cxd5 a6 10. a4 Bg4 11. Bg5 Bxf3 12. Bxf3 Nbd7 13. Qd2 Re8 14.
Rab1 Rb8 15. b4 cxb4 16. Rxb4 Qa5 17. Rfb1 Rbc8 18. Be3 Ng4 19. Bd4 Nge5 20. Be2 h5 21. h3 Kh7 22. f4 Bh6 23. Be3 Qc7 24. Nd1 Qc2 25. R1b2 Qc1 26. Qxc1 Rxc1 27. Bxc1 1-0

[Event "*** Titled Tuesday 3|2 Blitz (Late)"]
[Site "Chess.com"]
[Date "2017.01.03"]
[Round "7"]
[White "Hikaru"]
[Black "chito89"]
[Result "0-1"]
[WhiteElo "2835"]
[BlackElo "2525"]
[TimeControl "180+2"]
[EndTime "18:21:53 PST"]
[Termination "chito89 won by resignation"]

1. c4 e5 2. g3 Nc6 3. Bg2 f5 4.
Nc3 Nf6 5. d3 Bb4 6. Bd2 O-O 7. a3 Bxc3 8. Bxc3 d6 9. Qd2 Qe8 10.
f4 Nd4 11. Rd1 Nb3 12. Qc2 Nd4 13. Qd2 Nb3 14. Qc2 Nd4 15. Qc1 Bd7 16. fxe5 dxe5 17.
Nf3 c5 18. Bxd4 exd4 19. h3 Nh5 20. Qg5 h6 21. Qh4 g5 22. Nxg5 hxg5 23. Qg4 fxg4 0-1

[Event "*** Titled Tuesday 3|2 Blitz (Late)"]
[Site "Chess.com"]
[Date "2017.01.03"]
[Round "7"]
[White "AdrianaNikolova"]
[Black "Goala"]
[Result "0-1"]
[WhiteElo "2250"]
[BlackElo "2181"]
[TimeControl "180+2"]
[EndTime "18:22:30 PST"]
[Termination "Goala won by checkmate"]

1. e4 e6 2. d4 d5 3. Nd2 Nf6 4. e5 Nfd7 5. c3 c5 6. f4 Nc6 7. Ndf3 Qb6 8. a3 a5 9. b3 f6 10. Bd3 g5 11. fxg5 fxe5 12. Nxe5 Ndxe5 13. dxe5 Nxe5 14. Qh5+ Kd8 15. Bc2 Bg7 16. Nf3 Nxf3+ 17. Qxf3 Rf8 18. Qg3 Bd7 19. Bd2 a4 20. b4 cxb4 21. axb4 Bb5 22. Bxh7 a3 23. c4 Bxa1 24. cxb5 Bd4 25. Ke2 Rf2+ 26.
Kd3 e5 27. g6 Qxb5+ 28. Kc2 Qc4+ 29. Kd1 Qe2+ 30. Kc1 Qxd2+ 31. Kb1 Qb2# 0-1

[Event "*** Titled Tuesday 3|2 Blitz (Late)"]
[Site "Chess.com"]
[Date "2017.01.03"]
[Round "7"]
[White "MrReinberg"]
[Black "HouseOfDurin"]
[Result "1-0"]
[WhiteElo "2274"]
[BlackElo "1892"]
[TimeControl "180+2"]
[EndTime "18:22:40 PST"]
[Termination "MrReinberg won by resignation"]

1. e4 c5 2. Nc3 Nc6 3. f4 e5 4.
Nf3 d6 5. Bc4 Be7 6. O-O Nf6 7.
d3 exf4 8. Bxf4 O-O 9. Qd2 Be6 10. Bb3 a6 11. Rae1 b5 12. Bd5 Bxd5 13. Nxd5 Nxd5 14. exd5 Nb4 15. c4 Nxa2 16. Qf2 Bf6 17. Qg3 Nb4 18.
Nd2 bxc4 19. dxc4 Bd4+ 20. Kh1 Nc2 21. Re4 Bxb2 22. Bxd6 Re8 23. Rxe8+ Qxe8 24. Bxc5 g6 25. Qf3 Bg7 26. d6 Rc8 27. Bb6 Qc6 28. Qxc6 Rxc6 29.
d7 Rd6 30. d8=Q+ Rxd8 31. Bxd8 Ne3 32. Re1 Nf5 33. c5 Bf8 34. c6 Bd6 35. c7 1-0

[Event "*** Titled Tuesday 3|2 Blitz (Late)"]
[Site "Chess.com"]
[Date "2017.01.03"]
[Round "7"]
[White "TrickyTrapChess"]
[Black "jbj"]
[Result "1-0"]
[WhiteElo "2168"]
[BlackElo "2328"]
[TimeControl "180+2"]
[EndTime "18:23:02 PST"]
[Termination "TrickyTrapChess won by checkmate"]

1. d4 Nf6 2. c4 e6 3. Nc3 Bb4 4. e3 O-O 5. Ne2 b6 6. a3 Be7 7. Ng3 c5 8. d5 exd5 9. cxd5 d6 10. e4 Re8 11. Bb5 Bd7 12. Bd3 a6 13. O-O b5 14. f4 Bg4 15. Qc2 Nh5 16. Nxh5 Bxh5 17. e5 h6 18. e6 c4 19. Be4 Qb6+ 20. Kh1 Bf6 21. g4 Bxg4 22. exf7+ Kxf7 23. Bg6+ Kf8 24. Bxe8 Bh3 25. Qg6 Ra7 26. Rf3 Re7 27. Bd2 Bc8 28.
Re1 Qa7 29. Rfe3 Rxe3 30. Rxe3 Bd4 31. Re4 Bf6 32. Bc6 Be7 33. Qe8# 1-0

[Event "*** Titled Tuesday 3|2 Blitz (Late)"]
[Site "Chess.com"]
[Date "2017.01.03"]
[Round "7"]
[White "MaestroASK"]
[Black "Frolik67"]
[Result "1-0"]
[WhiteElo "2495"]
[BlackElo "2319"]
[TimeControl "180+2"]
[EndTime "18:23:03 PST"]
[Termination "MaestroASK won by resignation"]

1. g3 d5 2. d3 Nf6 3. Bg2 g6 4. e4 dxe4 5. dxe4 Qxd1+ 6. Kxd1 Nc6 7. f3 Bg7 8. Nd2 O-O 9. Bh3 Rd8 10. Bxc8 Raxc8 11. Nh3 Nd4 12. Rf1 c5 13. c3 Ne6 14. Ke2 h5 15.
Rd1 h4 16. Nf1 Rxd1 17. Kxd1 hxg3 18. hxg3 Rd8+ 19. Ke2 Nh5 20. Be3 b6 21. a4 Nf8 22.
a5 Nd7 23. axb6 axb6 24. Ra7 Kf8 25. Nf4 Nxf4+ 26. Bxf4 Ne5 27. Bxe5 Bxe5 28. f4 Bg7 29. Rb7 g5 30. Rxb6 gxf4 31. gxf4 Ke8 32. Ne3 e6 33. f5 Ke7 34. fxe6 fxe6 35. Nc4 Rd7 36. Rc6 Bh6 37. Rxc5 Bf4 38. Rh5 Kf6 39. b4 Rc7 40.
Kd3 Rd7+ 41. Kc2 Rg7 42. b5 Rg2+ 43. Kb3 Re2 44. e5+ Kg6 45. Rh4 Kg5 46. Rh8 Re1 47. b6 Rb1+ 48. Kc2 Rb5 49. Rg8+ Kh5 50. Re8 Kg5 51. Rxe6 Kf5 52. Re8 Rc5 53. Kb3 Rb5+ 54. Ka4 Rb1 55. b7 1-0

[Event "*** Titled Tuesday 3|2 Blitz (Late)"]
[Site "Chess.com"]
[Date "2017.01.03"]
[Round "7"]
[White "beastfromweast"]
[Black "AllStarShark"]
[Result "1-0"]
[WhiteElo "2286"]
[BlackElo "2211"]
[TimeControl "180+2"]
[EndTime "18:23:07 PST"]
[Termination "beastfromweast won by resignation"]

1. d4 d5 2. Nf3 Nf6 3. c4 dxc4 4. e3 Bg4 5. Bxc4 e6 6. O-O Bd6 7. h3 Bh5 8. Nc3 Nc6 9. a3 O-O 10. b4 a6 11. Bb2 e5 12. Be2 exd4 13. Nxd4 Bxe2 14.
Ncxe2 Nxd4 15. Qxd4 Qe7 16. Qh4 Be5 17. Nd4 Nd5 18.
Qe4 Bxd4 19. Qxe7 Nxe7 20. Bxd4 Nc6 21. Bc5 Rfd8 22. e4 Rd3 23. a4 Rad8 24. b5 axb5 25. axb5 Nd4 26. Bxd4 R3xd4 27. Ra7 Rxe4 28. Rxb7 Rb4 29.
Rc1 g6 30. Rcxc7 Rf4 31. Rd7 Rc8 32. Rbc7 Rb8 33. Rb7 Rc8 34. b6 Rc1+ 35. Kh2 Rxf2 36. Rb8+ Kg7 37. b7 Rb1 38. Rc8 Rbb2 39. b8=Q Rxg2+ 40. Kh1 Rxb8 41. Rxb8 Rf2 42. Rbb7 h5 43. Kg1 Rf3 44. Kg2 Rf5 45. Kg3 Rf6 46. Rd4 Rf5 47. Rf4 Re5 48. Rfxf7+ Kh6 49. Rh7+ Kg5 50. h4+ Kf5 51. Rhf7+ Ke6 52. Rbe7+ Kd5 53. Rxe5+ 1-0